Map: [ESL] Data-C

Players

ShoWTimE

  • Race: Protoss Protoss
  • Spawn Location: 3:00

herO - Winner!

  • Race: Protoss Protoss
  • Spawn Location: 9:00

Event: DreamHack SC2 Masters 2022 Valencia

VOD

Have the link to the VOD?

Description

Time

  • Played on: July 2, 2022, 8:01 a.m.
  • Length: 5:02

All games in this series

Show
View Real Time Build Order
Export as new Build Order

ShoWTimE Protoss 

Build Orders: Oracle Opening 

Get SALT Encoding   

  12  0:00  Probe  
  13  0:12  Probe  
  14  0:18  Pylon  
  14  0:24  Probe (Chrono Boost)  
  15  0:36  Probe (Chrono Boost)  
  15  0:38  Gateway  
  16  0:45  Probe (Chrono Boost)  
  16  0:47  Assimilator  
  17  0:50  Probe  
  18  1:03  Probe (Chrono Boost)  
  19  1:04  Assimilator  
  19  1:06  Pylon  
  19  1:13  Probe (Chrono Boost)  
  19  1:18  Probe (Chrono Boost)  
  21  1:26  Cybernetics Core  
  21  1:29  Probe  
  24  1:41  Probe  
  25  1:53  Probe  
  26  1:58  Nexus  
  24  2:05  Stalker (Chrono Boost)  
  26  2:17  Stargate  
  26  2:19  Probe  
  27  2:28  Stalker  
  29  2:34  Shield Battery  
  28  2:41  Pylon  
  28  2:45  Probe  
  29  2:54  Warp Gate  
  29  2:57  Probe  
  30  2:58  Oracle (Chrono Boost)  
  33  3:09  Probe  
  33  3:11  Probe  
  35  3:15  Shield Battery  
  35  3:21  Probe  
  35  3:23  Probe  
  37  3:33  Probe  
  38  3:35  Probe, Gateway  
  39  3:45  Twilight Council  
  41  3:53  Pylon, Shield Battery  
  36  3:56  Shield Battery  
  40  4:05  Void Ray (Chrono Boost)  
  18  4:42  Stalker x2  
Show
View Real Time Build Order
Export as new Build Order

herO Protoss - Winner!

Build Orders:  

Get SALT Encoding   

  12  0:00  Probe  
  13  0:12  Probe  
  14  0:18  Pylon  
  14  0:24  Probe (Chrono Boost)  
  15  0:37  Probe (Chrono Boost)  
  15  0:38  Gateway  
  16  0:44  Probe (Chrono Boost)  
  16  0:47  Assimilator  
  17  0:51  Probe  
  18  1:03  Probe  
  19  1:15  Probe  
  20  1:21  Assimilator  
  20  1:25  Cybernetics Core  
  20  1:27  Probe  
  20  1:31  Pylon  
  23  1:39  Probe  
  22  1:41  Pylon  
  22  1:51  Probe  
  25  1:59  Stalker (Chrono Boost), Warp Gate (Chrono Boost)  
  25  2:06  Gateway  
  26  2:10  Robotics Facility  
  26  2:14  Probe  
  26  2:21  Stalker  
  28  2:36  Gateway  
  28  2:41  Gateway  
  28  2:51  Stalker  
  28  2:54  Stalker  
  32  3:04  Warp Prism (Chrono Boost)  
  34  3:10  Pylon  
  34  3:17  Shield Battery  
  34  3:34  Observer (Chrono Boost)  
  33  3:40  Stalker x2  
  38  3:42  Stalker  
  40  4:06  Stalker x2  
  42  4:31  Stalker x3  
  44  4:49  Pylon  
  44  4:59  Stalker  

Tags
 
Add a new tag
Caveats
  • Supply blocks, unpowered buildings, or Contaminate may cause inaccurate times.
  • Supply counts are checked every 10 seconds.